 Dungeon Sprint DCSS version 0.20-a0-495-g2241292 (webtiles) character file.

625 kae the Basher (level 7, -16/63 HPs)
             Began as a Formicid Fighter on Jan 18, 2017.
             Was an Initiate of Okawaru.
             Demolished by a deep troll (18 damage)
             ... in the Dungeon (Sprint I: "Red Sonja").
             The game lasted 00:01:08 (768 turns).

kae the Basher (Formicid Fighter)                    Turns: 768, Time: 00:01:08

Health: -16/63     AC: 13    Str: 22    XL:     7   Next: 76%
Magic:  7/7        EV:  7    Int:  8    God:    Okawaru [......]
Gold:   232        SH:  8    Dex: 10    Spells: 6/6 levels left

rFire    . . .     SeeInvis +   m - +4 mace (protect)
rCold    . . .     Gourm    .   b - +0 scale mail
rNeg     . . .     Faith    .   c - +0 shield
rPois    .         Spirit   .   (helmet unavailable)
rElec    .         Reflect  .   (no cloak)
rCorr    .         Harm     .   (no gloves)
MR       .....                  (no boots)
Stlth    ..........             (no amulet)
Regen    0.2/turn               (no ring)
                                (no ring)

@: protection aura, very heavily drained
A: permanent stasis, dig shafts and tunnels, four strong arms, antennae 3
a: Dig, Renounce Religion


You were in the Dungeon.
You worshipped Okawaru.
Okawaru was noncommittal.
You were not hungry.

You visited 1 branch You collected 421 gold pieces.
You spent 189 gold pieces at shops.

Inventory:

Hand Weapons
 a - a +0 flail
 m - a +4 mace of protection (weapon)
Armour
 b - a +0 scale mail (worn)
 c - a +0 shield (worn)
Scrolls
 k - a scroll of blinking
 l - 2 scrolls of enchant armour {unknown}
Potions
 d - a potion of might
 e - a potion of curing
 g - a potion of heal wounds
 h - a potion of haste
 i - 2 potions of magic
 j - a potion of berserk rage
Comestibles
 f - a bread ration


   Skills:
 + Level 8.4(1.1) Fighting
 * Level 10.1(2.5) Maces & Flails
 + Level 8.4(1.0) Armour
 + Level 9.2(1.7) Shields


You had 6 spell levels left.
You didn't know any spells.

Dungeon Overview and Level Annotations

Branches:
Dungeon (1/1)

Altars:
Cheibriados
Dithmenos
Elyvilon
Fedhas
Gozag
Hepliaklqana
Kikubaaqudgha
Makhleb
Nemelex Xobeh
Okawaru
Qazlal
Ru
Sif Muna
Trog
Uskayaw
Vehumet
Xom
Yredelemnul
Zin
The Shining One
Jiyva
Lugonu

Shops:
D %(

Annotations:
D Sonja


Innate Abilities, Weirdness & Mutations

You cannot be hasted, slowed, berserked, paralysed or teleported.
You can dig through walls and to a lower floor.
Your four strong arms can wield two-handed weapons with a shield.
You have a pair of large antennae on your head. (SInv)


Message History

You are too injured to fight recklessly!
You hit the deep troll but do no damage.
The deep troll bites you but does no damage.
The deep troll claws you. The deep troll barely misses you.
You block the deep troll's attack. The deep troll claws you.
The deep troll claws you!
* * * LOW HITPOINT WARNING * * *
You closely miss the deep troll. The deep troll barely misses you.
The deep troll claws you but does no damage.
The deep troll claws you.
* * * LOW HITPOINT WARNING * * *
You sock the deep troll!
The deep troll is lightly wounded.
The deep troll barely misses you. You block the deep troll's attack.
The deep troll claws you!
* * * LOW HITPOINT WARNING * * *
You closely miss the deep troll.
The deep troll is lightly wounded.
The deep troll bites you!!
You die...

#..#####'#####'#__# {
#..####..#...#.####
#..#__##.#.(##.# {
#..#_____##'#..+
#⌠⌠#_.∩...K..._# {
####_..__##_.#+#
#_____###'#
############.####+###
#∩........'..@T$$.$$+
###++++####...#######
{ ##.## { { #+# {{ {
{ { { {


{{{{ { {{{ { {{{{ You could see a deep troll and Sonja (wandering).

Vanquished Creatures
  A slime creature (D)
  A yak (D)
  Sigmund (D)
  An ogre (D)
  A jelly (D)
  Ijyb (D)
6 creatures vanquished.

Notes
Turn   | Place    | Note
-------+----------+-------------------------------------------
     0 | D        | kae the Formicid Fighter began the quest for the Orb.
     0 | D        | Reached XP level 1. HP: 18/18 MP: 1/1
     1 | D        | Noticed Ijyb
    17 | D        | Killed Ijyb
    17 | D        | Reached skill level 4 in Maces & Flails
    17 | D        | Reached XP level 2. HP: 22/26 MP: 2/2
    17 | D        | Reached XP level 3. HP: 26/31 MP: 3/3
    64 | D        | Noticed an ogre
    77 | D        | Killed an ogre
    77 | D        | Reached skill level 5 in Fighting
    77 | D        | Reached skill level 6 in Maces & Flails
    77 | D        | Reached skill level 5 in Armour
    77 | D        | Reached XP level 4. HP: 19/39 MP: 4/4
    77 | D        | Reached XP level 5. HP: 22/44 MP: 5/5
   234 | D        | Noticed Sigmund
   243 | D        | Killed Sigmund
   243 | D        | Reached skill level 8 in Maces & Flails
   243 | D        | Reached XP level 6. HP: 32/53 MP: 6/6
   373 | D        | Found a stormy altar of Qazlal.
   373 | D        | Found a blossoming altar of Fedhas.
   373 | D        | Found a bloodstained altar of Trog.
   373 | D        | Found an iron altar of Okawaru.
   373 | D        | Found a glowing golden altar of the Shining One.
   373 | D        | Found Wizol's Antique Weapon Emporium.
   373 | D        | Found an ancient bone altar of Kikubaaqudgha.
   373 | D        | Found a hazy altar of Hepliaklqana.
   373 | D        | Found a hide-covered altar of Uskayaw.
   373 | D        | Found a basalt altar of Yredelemnul.
   373 | D        | Found a sparkling altar of Nemelex Xobeh.
   373 | D        | Found an opulent altar of Gozag.
   373 | D        | Found a snail-covered altar of Cheibriados.
   373 | D        | Found a sacrificial altar of Ru.
   373 | D        | Found a shadowy altar of Dithmenos.
   373 | D        | Noticed a yak
   386 | D        | Killed a yak
   386 | D        | Reached skill level 9 in Maces & Flails
   386 | D        | Reached XP level 7. HP: 31/61 MP: 7/7
   548 | D        | Found a burning altar of Makhleb.
   548 | D        | Found a viscous altar of Jiyva.
   548 | D        | Found a shimmering altar of Xom.
   548 | D        | Found a corrupted altar of Lugonu.
   548 | D        | Noticed a slime creature
   562 | D        | Killed a slime creature
   562 | D        | Reached skill level 10 in Maces & Flails
   610 | D        | Found a deep blue altar of Sif Muna.
   612 | D        | Found a radiant altar of Vehumet.
   639 | D        | Found a glowing silver altar of Zin.
   639 | D        | Found a white marble altar of Elyvilon.
   644 | D        | Bought a runed mace for 189 gold pieces
   646 | D        | Became a worshipper of Warmaster Okawaru
   653 | D        | Noticed Sonja
   739 | D        | Found Pol Geqo's Food Boutique.
   759 | D        | Noticed a deep troll
   767 | D        | HP: 2/63 [deep troll (7)]
   768 | D        | Demolished by a deep troll

Vault maps used:
D:        dungeon_sprint_1

Skill      XL: |  1  2  3  4  5  6  7 |
---------------+----------------------+-----
Fighting       | 4 5 6 7 8 |  8.4
Maces & Flails | 4 6 8 9 10 | 10.1
Armour         | 4 5 6 7 8 |  8.4
Shields        | 4 6 7 8 9 |  9.2

Action                   |  1- 3 |  4- 6 |  7- 9 || total
-------------------------+-------+-------+-------++-------
Melee: Flail             |    27 |    19 |    15 ||    61
       Mace              |       |       |    19 ||    19
 Abil: Dig               |       |     1 |       ||     1
Armor: Scale mail        |     5 |     1 |    25 ||    31
Dodge: Dodged            |     3 |     3 |    18 ||    24
Block: Shield            |    15 |     7 |    26 ||    48
